 Dungeon Crawl Stone Soup version 0.30-a0-292-g0f741e3f8e (webtiles) character file.

Game seed: 5469000819448537477

141 jlumianski the Chopper (level 5, 0/33 (40) HPs)
             Began as a Demonspawn Gladiator on Oct 17, 2022.
             Slain by a wight
             ... wielding a +0 flail
              (6 damage)
             ... on level 3 of the Dungeon.
             The game lasted 00:07:17 (1870 turns).

jlumianski the Chopper (Demonspawn Gladiator)       Turns: 1870, Time: 00:07:18

HP:   0/33 (40)     AC: 12    Str: 16      XL:     5   Next: 3%
MP:   5/5           EV:  7    Int:  8 (10) God:
Gold: 142           SH:  0    Dex: 13 (14) Spells: 4/4 levels left

rFire   . . .      SeeInvis .    a - +0 war axe
rCold   . . .      Faith    .    (no shield)
rNeg    . . .      Spirit   .    f - +0 chain mail
rPois   .          Reflect  .    c - +0 helmet
rElec   .          Harm     .    (no cloak)
rCorr   .          Rampage  .    l - +0 pair of gloves
Will    .....                    (no boots)
Stlth   ..........               (no amulet)
HPRegen 0.25/turn                (no ring)
MPRegen 0.09/turn                (no ring)

@: hasted, heavily drained, very quick
A: rugged brown scales 1, powered by death 1
a: no special abilities


You were on level 3 of the Dungeon.
You visited 1 branch of the dungeon, and saw 4 of its levels.

You collected 142 gold pieces.

Inventory:

Hand Weapons
 a - a +0 war axe (weapon)
Missiles
 d - 3 throwing nets
 e - a javelin (quivered)
 h - 6 poisoned darts
Armour
 b - a +0 leather armour
 c - a +0 helmet (worn)
 f - a +0 chain mail (worn)
 l - a +0 pair of gloves (worn)
Scrolls
 k - a scroll of blinking
 m - a scroll of identify
Potions
 j - 2 potions of lignification
 n - a potion of might
 o - 2 potions of degeneration
 p - a potion of invisibility
 q - a potion of cancellation


   Skills:
 + Level 2.3 Fighting
 + Level 4.0 Axes
 + Level 2.0 Throwing
 + Level 2.2 Armour
 + Level 3.0 Dodging


You had 4 spell levels left.
You didn't know any spells.
Your spell library contained the following spells:

 Spells                   Type           Power      Damage    Failure   Level
 Summon Small Mammal      Summ           0%         N/A       100%        1
 Call Canine Familiar     Summ           0%         N/A       100%        3
 Ozocubu's Armour         Ice            0%         N/A       100%        3
 Summon Guardian Golem    Hex/Summ       0%         N/A       100%        3
 Metabolic Englaciation   Hex/Ice        0%         N/A       100%        5
 Simulacrum               Ice/Necr       0%         N/A       100%        6


Dungeon Overview and Level Annotations

Branches:
Dungeon (4/15)
 Temple: D:4-7

Altars:
Vehumet
Wu Jian


Innate Abilities, Weirdness & Mutations

You are partially covered in rugged brown scales. (AC +1, +3% HP)
You regenerate a little health from kills.


Message History

You feel drained.
Found 12 gold pieces.
The wight hits you but does no damage.
The wight hits you from afar with a +0 spear!
You feel drained.
The wight hits you from afar with a +0 spear.
You feel drained.
You see here 4 poisoned darts.
h - 6 poisoned darts (gained 4)
The wight hits you but does no damage.
The wight hits you from afar with a +0 spear.
The wight hits you but does no damage.
A scorpion comes into view.
The wight completely misses you.
You see here a scroll of identify.
m - a scroll of identify The wight hits you but does no damage. x2; The wight barely misses you.
The wight attacks as you move away! The wight barely misses you.
The wight hits you but does no damage.
There is a stone staircase leading up here.
The wight barely misses you.
The wight hits you from afar with a +0 spear.
You feel drained. The wight hits you with a +0 flail.
You feel drained. The scorpion barely misses you.
You climb upwards.
The adder hisses angrily.
The orc shouts!
You hear a shout!
Found a flail, a short sword and 13 gold pieces.
There is a stone staircase leading down here.
The scorpion stings you.
* * * LOW HITPOINT WARNING * * *
You are poisoned.
The scorpion poisons you! The wight hits you with a +0 flail!
* * * LOW HITPOINT WARNING * * *
The scorpion barely misses you.
It was a potion of curing.
You feel better. The bat hits you.
* * * LOW HITPOINT WARNING * * *
The wight barely misses you. The adder bites you but does no damage.
An orc comes into view. It is wielding a +0 trident.
The scorpion barely misses you.
You feel yourself speed up. The wight hits you with a +0 flail.
You die...

... #.# .# #. ...####.#
#.# #. .......$# ...
######. ........###)####
#...... ......).#.......
....... .o......#.#....#
#...... #...............
......# #...o..Sz....#
.####.#
......bs@....#...........
.............#.....###.##
........#.#..#.....###.##
.....##.#.#........#.....
..... ..#.#........#.....
.... ##.#.#........#.....
.... ....#.........##.#.
.. ...........##.##
#....##........


You could see a scorpion, a wight, an adder, 2 orcs and a bat.

Vanquished Creatures
  2 jellies (D:4)
  2 adders
  A dart slug (D:1)
  An orc (D:3)
  8 bats
  2 endoplasms
  4 giant cockroaches
  3 goblins
  5 hobgoblins
  8 jackals
  6 kobolds
  2 quokkas (D:1)
  6 ball pythons
  3 frilled lizards
  6 rats
59 creatures vanquished.

Notes
Turn   | Place    | Note
-------+----------+-------------------------------------------
     0 | D:1      | jlumianski the Demonspawn Gladiator began the quest for the
                  | Orb.
     0 | D:1      | Reached XP level 1. HP: 16/16 MP: 1/1
   268 | D:1      | Gained mutation: You regenerate a little health from kills.
                  | [demonic ancestry]
   268 | D:1      | Reached XP level 2. HP: 22/22 MP: 2/2
   303 | D:1      | Reached skill level 3 in Axes
   686 | D:1      | Reached XP level 3. HP: 27/27 MP: 3/3
   889 | D:1      | Reached skill level 1 in Armour
  1567 | D:3      | Found an ornate altar of the Wu Jian Council.
  1783 | D:4      | Found a radiant altar of Vehumet.
  1789 | D:3      | Gained mutation: You are partially covered in rugged brown
                  | scales. (AC +1, +3% HP) [demonic ancestry]
  1789 | D:3      | Reached XP level 4. HP: 27/33 MP: 4/4
  1847 | D:4      | Reached skill level 4 in Axes
  1847 | D:4      | Reached XP level 5. HP: 37/40 MP: 5/5
  1870 | D:3      | Slain by a wight

Illustrated notes

Levels and vault maps discovered:
D:1:      erik_arrival_cave_to_civilisation [erik_arrival_cave_to_hall],
          layout_basic, amcnicky_mini_corridor_feature, minmay_misc_feat_tiny,
          minmay_octomino_e4
D:2:      layout_rooms, minivault_11
D:3:      minmay_chambers_of_threes, layout_basic, nicolae_gozag_seed_capital,
          lightli_temple_of_fire, mainiacjoe_overflow_brackets,
          gammafunk_ghost_cemetery
D:4:      layout_loops_cross, vehumet_crystals, kennysheep_okawaru_gauntlet,
          kennysheep_orc_sif_temple

Skill      XL: |  1  2  3  4 |
---------------+-------------+-----
Axes           | 3 4 |  4.0
Throwing       | 2 |  2.0
Armour         | 1 2 |  2.2
Dodging        | 3 |  3.0
Fighting       | |  2.3

Action                   |  1- 3 |  4- 6 || total
-------------------------+-------+-------++-------
Melee: War axe           |   122 |    15 ||   137
       Punch             |     1 |       ||     1
Throw: Javelin           |     1 |     1 ||     2
  Use: Scroll            |     9 |       ||     9
       Potion            |     1 |     2 ||     3
Armor: Chain mail        |   105 |    17 ||   122
Dodge: Dodged            |    56 |    19 ||    75

Table legend: (Time is in decaauts)
 A = Elapsed time spent in this place.
 B = Non-inter-level travel time spent in this place.
 C = Inter-level travel time spent in this place.
 D = Time resting spent in this place.
 E = Time spent auto-exploring this place.
 F = Levels seen in this place.
 G = Mean time per level.
                   A        B        C        D        E       F      G
               +--------+--------+--------+--------+--------+-----+--------+
         Total |   1922 |   1847 |     75 |      0 |    775 |   4 |  480.5 |
       Dungeon |   1922 |   1847 |     75 |      0 |    775 |   4 |  480.5 |
               +--------+--------+--------+--------+--------+-----+--------+

Top non-repeatable levels by time:
     D:1: 1180 daAuts
     D:2: 483 daAuts
     D:3: 174 daAuts
     D:4: 84 daAuts
